 Dungeon Crawl Stone Soup version 0.28.0-53-g5a82cb258f (webtiles) character file.

Game seed: 15192413108114456723

52 safid the Skirmisher (level 3, -2/33 HPs)
             Began as a Hill Orc Fighter on Aug 22, 2022.
             Succumbed to an adder's poison
             ... on level 3 of the Dungeon.
             The game lasted 00:02:01 (1413 turns).

safid the Skirmisher (Hill Orc Fighter)             Turns: 1413, Time: 00:02:02

Health: -2/33      AC:  9    Str: 20    XL:     3   Next: 85%
Magic:  3/3        EV:  7    Int:  8    God:
Gold:   48         SH:  4    Dex: 10    Spells: 2/2 levels left

rFire   . . .      SeeInvis .   a - +0 war axe
rCold   . . .      Faith    .   c - +0 buckler
rNeg    . . .      Spirit   .   m - +0 chain mail
rPois   .          Reflect  .   (no helmet)
rElec   .          Harm     .   (no cloak)
rCorr   .          Rampage  .   (no gloves)
Will    .....                   (no boots)
Stlth   ..........              (no amulet)
HPRegen 0.11/turn               (no ring)
MPRegen 0.08/turn               (no ring)

@: lethally poisoned (-2 -> -10)
A: no striking features
a: no special abilities


You were on level 3 of the Dungeon.
You visited 1 branch of the dungeon, and saw 3 of its levels.

You collected 48 gold pieces.

Inventory:

Hand Weapons
 a - a +0 war axe (weapon)
Armour
 b - a +0 scale mail
 c - a +0 buckler (worn)
 m - a +0 chain mail (worn)
Scrolls
 e - a scroll of amnesia {unknown}
 f - 3 scrolls of fog {unknown}
 j - a scroll of magic mapping {unknown}
 k - 2 scrolls of fear {unknown}
 l - 2 scrolls of identify {unknown}
 n - a scroll of teleportation {unknown}
Potions
 d - 2 potions of might
 g - a potion of invisibility {unknown}
 h - a potion of curing {unknown}
 i - a potion of lignification {unknown}


   Skills:
 - Level 4.0 Fighting
 + Level 3.6 Axes
 + Level 3.9 Armour
 + Level 3.9 Shields


You had 2 spell levels left.
You didn't know any spells.
Your spell library was empty.

Dungeon Overview and Level Annotations

Branches:
Dungeon (3/15)

Altars:

Annotations:
D:3 Natasha


Message History

You closely miss the adder.
The adder is lightly wounded.
You hit Natasha. The adder bites you.
You are poisoned.
The adder poisons you! Natasha claws you!
You closely miss Natasha.
Natasha is heavily wounded.
You hit the adder.
You feel sick. The adder bites you but does no damage. Natasha claws you!
You block the adder's attack.
You are too injured to fight recklessly!
You are too injured to fight recklessly!
You are too injured to fight recklessly!
You are too injured to fight recklessly!
You are too injured to fight recklessly!
You are too injured to fight recklessly!
You are too injured to fight recklessly!
You are too injured to fight recklessly!
Unknown command.
You hit the adder but do no damage.
The adder is heavily wounded.
You hit Natasha but do no damage.
You feel sick. The adder bites you.
You are more poisoned.
The adder poisons you! Natasha claws you but does no damage.
Natasha casts a spell.
The adder bites you.
* * * LOW HITPOINT WARNING * * *
You are more poisoned.
The adder poisons you!
You closely miss the adder.
The adder is heavily wounded.
You barely miss Natasha.
* * * LOW HITPOINT WARNING * * *
You feel very sick. The adder barely misses you. Natasha claws you.
* * * LOW HITPOINT WARNING * * *
Unknown command.
You closely miss the adder.
The adder is heavily wounded.
You closely miss Natasha. You miss the crimson imp.
You die...

#........#
#........#
#........#
#........#
#........#
..####........##
#..............#
#..<.S.....#
#...@5.....#
##..h......#
...........:#
#..####.......#
.. ######... .
.. .


You could see Natasha, a crimson imp (summoned) and an adder.

Vanquished Creatures
  An adder (D:2)
  A worm (D:2)
  A dart slug (D:2)
  5 ball pythons (D:1)
  4 bats
  4 endoplasms (D:2)
  2 giant cockroaches
  3 goblins (D:1)
  3 hobgoblins
  3 jackals (D:2)
  A quokka (D:2)
  3 kobolds
  3 rats
34 creatures vanquished.

Notes
Turn   | Place    | Note
-------+----------+-------------------------------------------
     0 | D:1      | safid the Hill Orc Fighter began the quest for the Orb.
     0 | D:1      | Reached XP level 1. HP: 19/19 MP: 1/1
   324 | D:1      | Reached XP level 2. HP: 27/27 MP: 2/2
   339 | D:1      | Found a faded altar of an unknown god.
   799 | D:2      | Reached skill level 4 in Fighting
   799 | D:2      | Reached XP level 3. HP: 28/33 MP: 3/3
  1405 | D:3      | Noticed Natasha
  1412 | D:3      | HP: 1/33 [Natasha (3)]
  1413 | D:3      | Succumbed to an adder's poison

Illustrated notes

Levels and vault maps discovered:
D:1:      lemuel_arrival_room, layout_basic, ebering_ecumenical_altar_abandoned
D:2:      layout_rooms
D:3:      layout_rooms, minmay_misc_feat_hallway, uniq_natasha

Skill      XL: |  1  2 |
---------------+-------+-----
Axes           | 3 |  3.6
Fighting       | 4 |  4.0
Armour         | |  3.9
Shields        | |  3.9

Action                   || total
-------------------------++-------
Melee: War axe           ||    94
Armor: Scale mail        ||    45
       Chain mail        ||     7
Dodge: Dodged            ||    55
Block: Buckler           ||    19
